 Dungeon Crawl Stone Soup version 0.27-a0-1187-ge80a49f48c (webtiles) character file.

Game seed: 15671669800595185635

1939 Acheron the Sneak (level 8, -15/59 HPs)
             Began as a Black Draconian Earth Elementalist on May 20, 2021.
             Was a Follower of Hepliaklqana.
             Killed from afar by a gargoyle (29 damage)
             ... with a stone arrow
             ... on level 8 of the Dungeon.
             The game lasted 01:06:06 (8534 turns).

Acheron the Sneak (DrEE)                            Turns: 8534, Time: 01:06:07

Health: -15/59     AC:  9    Str: 12    XL:     8   Next: 98%
Magic:  13/13      EV: 14    Int: 16    God:    Hepliaklqana [*.....]
Gold:   621        SH:  0    Dex: 18    Spells: 8/14 levels left

rFire    . . .     SeeInvis .   n - +3 halberd (venom)
rCold    . . .     Faith    .   (shield currently unavailable)
rNeg     . . .     Spirit   .   (armour unavailable)
rPois    .         Reflect  .   (helmet restricted)
rElec    +         Harm     .   (no cloak)
rCorr    .         Rampage  .   D - +2 pair of gloves
Will     .....                  (no boots)
Stlth    +++.......             (no amulet)
HPRegen  0.19/turn              s - +6 ring of dexterity
MPRegen  0.13/turn              z - ring of flight

@: flying
A: reduced essence, breathe lightning, AC +6, unfitting armour, electricity
resistance, cold-blooded
a: Breathe Lightning, Renounce Religion, Recall Ancestor, Ancestor Identity


You were on level 8 of the Dungeon.
You worshipped Hepliaklqana.
Hepliaklqana was aware of your devotion.
You visited 2 branches of the dungeon, and saw 9 of its levels.
You also visited: Sewer.

You collected 621 gold pieces.

Inventory:

Hand Weapons
 h - a +0 dagger of venom
   (You took it off a goblin on level 1 of the Dungeon)
 n - a +3 halberd of venom (weapon)
   (You took it off a gnoll on level 4 of the Dungeon)
 G - a +5 club
   (You took it off Jessica on level 3 of the Dungeon)
Missiles
 b - 33 stones
 d - 9 boomerangs
 j - 4 boomerangs of dispersal {!f}
 k - 49 poisoned darts
 m - a curare-tipped dart {!f}
 o - 42 sling bullets
 C - a throwing net {!f}
Armour
 D - a +2 pair of gloves (worn)
   (You found it on level 3 of the Dungeon)
Magical Staves
 e - a staff of conjuration {!a!d}
   (You found it on level 5 of the Dungeon)
Jewellery
 s - a +6 ring of dexterity (left hand)
   (You found it on level 5 of the Dungeon)
 z - a ring of flight (right hand)
   (You found it on level 5 of the Dungeon)
Wands
 t - a wand of flame (58)
   (You took it off Jessica on level 3 of the Dungeon)
 x - a wand of acid (2)
   (You found it on level 4 of the Dungeon)
Scrolls
 a - 2 scrolls of amnesia
 c - 2 scrolls of blinking
 f - a scroll of vulnerability {unknown}
 g - a scroll of summoning
 r - a scroll of magic mapping
 F - 7 scrolls of teleportation {@r4}
Potions
 i - 3 potions of heal wounds {@q2}
 l - 3 potions of curing {unknown}
 p - 2 potions of invisibility {unknown}
 q - a potion of mutation {!q}
 u - 2 potions of brilliance
 v - a potion of might {unknown}
 w - a potion of resistance {unknown}
 y - 2 potions of lignification {!q}
 A - a potion of cancellation {unknown}
 B - a potion of flight {unknown}
 H - a potion of berserk rage


   Skills:
 * Level 3.8 Fighting
 - Level 2.0(2.3) Short Blades
 + Level 1.6(2.1) Long Blades
 * Level 2.9 Polearms
 * Level 2.6 Throwing
 * Level 3.9 Dodging
 * Level 4.1 Stealth
 + Level 2.4 Unarmed Combat
 * Level 3.6 Spellcasting
 * Level 2.8 Conjurations
 + Level 2.7 Transmutations
 + Level 3.1 Earth Magic
 * Level 2.6 Invocations
 * Level 2.9 Evocations


You had 8 spell levels left.
You knew the following spells:

 Your Spells              Type           Power      Damage    Failure   Level
a - Sandblast             Erth           26%        2d8       4%          1
b - Passwall              Tmut/Erth      10%        N/A       8%          2
c - Stone Arrow           Conj/Erth      24%        3d8       16%         3

Your spell library contained the following spells:

 Spells                   Type           Power      Damage    Failure   Level
 Petrify                  Tmut/Erth      12%        N/A       45%         4
 Lee's Rapid Deconstruct  Erth           6%         3d7*      78%         5


Dungeon Overview and Level Annotations

Branches:
Dungeon (8/15)             Temple (1/1) D:4           Sewer (visited)
   Lair: D:8-11

Altars:
Elyvilon
Gozag
Hepliaklqana
Kikubaaqudgha
Makhleb
Qazlal
Ru
Trog
Wu Jian
Yredelemnul
The Shining One

Shops:
D:4 [

Annotations:
D:1 exclusion: downstairs
D:2 Sigmund
D:3 2 transporters
D:5 exclusion: upstairs
D:7 exclusion: downstairs, Duvessa, Prince Ribbit
D:8 exclusion: upstairs


Innate Abilities, Weirdness & Mutations

Your life essence is reduced to manifest your ancestor. (-10% HP)
You can breathe wild blasts of lightning.
Your glossy black scales are hard. (AC +6)
You cannot fit into any form of body armour.
You are resistant to electric shocks. (rElec)
You are cold-blooded and may be slowed by cold attacks.


Message History

You feel sick.
You start resting.
You feel sick. x6
You are no longer poisoned.
You start resting.
You swap places.
You swap places.
A black bear is nearby!
A centaur zombie comes into view.
The centaur zombie hits you but does no damage.
The centaur zombie closely misses you.
The centaur zombie hits you but does no damage.
The centaur zombie misses you.
You hit the centaur zombie but do no damage.
The centaur zombie misses you. The centaur zombie barely misses you.
Ladislaos hits the centaur zombie.
You hit the centaur zombie but do no damage.
You tail-slap the centaur zombie. The centaur zombie closely misses you.
The centaur zombie kicks you but does no damage.
The centaur zombie hits you. The centaur zombie closely misses you.
Ladislaos hits the centaur zombie.
You slash the centaur zombie!
The centaur zombie hits you but does no damage.
The centaur zombie closely misses you.
Ladislaos hits the centaur zombie but does no damage.
The centaur zombie hits you but does no damage.
The centaur zombie misses you.
You slash the centaur zombie!
You tail-slap the centaur zombie, but do no damage.
Ladislaos hits the centaur zombie.
The centaur zombie hits Ladislaos.
The centaur zombie misses Ladislaos.
Ladislaos hits the centaur zombie.
The centaur zombie is destroyed!
A gargoyle comes into view. It is wielding a +1 mace of holy wrath.
The gargoyle misses you.
You hit the gargoyle.
The gargoyle hits you with a +1 mace of holy wrath!
Aim: a gargoyle, wielding a +1 mace of holy wrath (lightly damaged, ally target, 88% to hit)
The bolt of acid hits the gargoyle!
The gargoyle is splashed with acid.
You hear a loud, deep croak!
A bullfrog comes into view.
The gargoyle hits you with a +1 mace of holy wrath.
You hit the gargoyle.
The gargoyle hits you with a +1 mace of holy wrath!
The gargoyle misses you.
You puncture the gargoyle!
The gargoyle hurls a stone arrow at you.
The stone arrow hits you!!
* * * LOW HITPOINT WARNING * * *
The gargoyle hurls a stone arrow at you.
The stone arrow hits you!!
You die...

#............ #.#
#............ #..
#............ #.#
##>...........
#...##............
#.#.##.##########.
#...#...........#.
#.#.#...........#.
#@9F#...........#.
#.#.#.............
#.R.#.............
#.###.............
#.####+#########..
#..............#..
###...............
...................
####...............


You could see the friendly Ladislaos the ancestor, a gargoyle (ally target) and
a bullfrog.

Vanquished Creatures
  2 water moccasins
  2 sky beasts
  A black bear (D:5)
  4 ogres
  A centaur (D:8)
  A phantom (D:5)
  A kobold brigand (D:5)
  3 bullfrogs
  A jelly (D:5)
  A howler monkey (D:5)
  A centaur zombie (D:8)
  3 hounds (D:5)
  A centaur skeleton (D:4)
  A gnoll shaman (D:5)
  Jessica (D:3)
  An iguana (D:5)
  A howler monkey zombie (D:8)
  Robin (D:3)
  6 gnolls
  2 river rats (Sewer)
  9 adders
  A shadow imp (D:8)
  A white imp (D:5)
  An ufetubus (D:5)
  An adder skeleton (D:4)
  4 worms
  2 dart slugs (D:1)
  13 orcs
  5 bats
  4 endoplasms
  2 giant cockroaches
  11 hobgoblins
  10 jackals
  2 quokkas (D:1)
  16 ball pythons
  6 frilled lizards
  16 goblins
  2 kobolds (D:1)
  33 rats
174 creatures vanquished.

Vanquished Creatures (collateral kills)
  A centaur zombie (D:8)
  A river rat (Sewer)
  A rat (Sewer)
3 creatures vanquished.

Vanquished Creatures (others)
  An ancestor (D:7)
1 creature vanquished.

Grand Total: 178 creatures vanquished

Notes
Turn   | Place    | Note
-------+----------+-------------------------------------------
     0 | D:1      | Acheron the Draconian Earth Elementalist began the quest
                  | for the Orb.
     0 | D:1      | Reached XP level 1. HP: 14/14 MP: 3/3
   299 | D:1      | Reached skill level 2 in Stealth
   299 | D:1      | Reached XP level 2. HP: 15/22 MP: 5/5
   496 | D:3      | Noticed Robin
   619 | D:2      | Noticed Sigmund
  1292 | D:1      | Reached XP level 3. HP: 26/27 MP: 6/6
  1817 | D:3      | Found an ancient bone altar of Kikubaaqudgha.
  1852 | D:3      | Reached skill level 1 in Fighting
  2466 | D:3      | Killed Robin
  2467 | D:3      | Reached XP level 4. HP: 32/35 MP: 0/7
  2716 | D:4      | Learned a level 2 spell: Passwall
  2720 | D:4      | Learned a level 3 spell: Stone Arrow
  2792 | D:4      | Found a staircase to the Ecumenical Temple.
  2800 | D:4      | Reached skill level 1 in Unarmed Combat
  2932 | D:5      | Entered Level 5 of the Dungeon
  3022 | D:5      | Reached XP level 5. HP: 36/41 MP: 3/8
  3212 | D:6      | Noticed an ogre
  3234 | D:6      | Found a glowing drain.
  3252 | D:6      | Reached skill level 1 in Short Blades
  3321 | Sewer    | Entered a sewer
  4306 | Sewer    | Reached skill level 1 in Polearms
  4306 | Sewer    | Reached skill level 1 in Conjurations
  4306 | Sewer    | Reached skill level 1 in Evocations
  4306 | Sewer    | Reached XP level 6. HP: 38/49 MP: 9/9
  4387 | Sewer    | Reached skill level 1 in Throwing
  4387 | Sewer    | Reached skill level 3 in Stealth
  4675 | D:5      | Found a white marble altar of Elyvilon.
  4972 | Temple   | Entered the Ecumenical Temple
  5124 | Temple   | Became a worshipper of Hepliaklqana the Forgotten
  5419 | D:4      | Found Waywn's Armour Shop.
  5935 | D:3      | Found a transporter.
  5977 | D:3      | Found a transporter.
  5991 | D:3      | Noticed Jessica
  5997 | D:3      | Killed Jessica
  5998 | D:3      | Your scales start taking on a glossy black colour.
  5998 | D:3      | Reached XP level 7. HP: 56/56 MP: 8/11
  5998 | D:3      | Gained mutation: You are resistant to electric shocks.
                  | (rElec) [Black Draconian growth]
  6284 | D:3      | You are sucked into a shaft and drop 2 floors!
  6499 | D:5      | Reached skill level 1 in Invocations
  6809 | D:5      | Reached XP level 8. HP: 63/63 MP: 12/12
  6825 | D:5      | Reached skill level 1 in Long Blades
  7743 | D:7      | Noticed Prince Ribbit
  8045 | D:7      | Noticed a two-headed ogre
  8152 | D:8      | Reached skill level 4 in Stealth
  8243 | D:7      | Reached * piety under Hepliaklqana
  8243 | D:7      | Noticed Duvessa
  8528 | D:8      | Noticed a gargoyle
  8534 | D:8      | Killed from afar by a gargoyle

Illustrated notes

Levels and vault maps discovered:
D:1:      dpeg_arrival_shrine, layout_basic
D:2:      layout_basic, uniq_sigmund
D:3:      gammafunk_wand_slinger, layout_rooms,
          grunt_temple_overflow_order_and_chaos_1, kiku_gazebo_pond_becter,
          basic_ecumenical_altar, serial_shops, shop, uniq_terence, uniq_robin,
          uniq_jessica
D:4:      layout_basic, minmay_temple_entry_from_below_a, serial_shops,
          nicolae_shop_stone
D:5:      minmay_polygon_palace, layout_loops_ring, lemuel_tele_altar
D:6:      layout_basic, cheibrodos_sewer_entry_bend,
          chequers_serial_rivers_micro_d, hangedman_abyss_or_decor_passed
D:7:      layout_basic, fedhas_bush_and_centaur_altar, uniq_duvessa,
          uniq_prince_ribbit1, uniq_maggie
D:8:      layout_basic, dpeg_oklobed_lair, hangedman_minor_gate_pass
Temple:   compressed_dpeg_triangle_lava_temple

Skill      XL: |  1  2  3  4  5  6  7  8 |
---------------+-------------------------+-----
Stealth        | 2 3 4 |  4.1
Dodging        | 2 3 |  3.9
Fighting       | 1 2 3 |  3.8
Unarmed Combat | 1 2 |  2.4
Short Blades   | 1 2 |  2.0
Polearms       | 1 2 |  2.9
Conjurations   | 1 2 |  2.8
Transmutations | 2 |  2.7
Evocations     | 1 2 |  2.9
Throwing       | 1 2 |  2.6
Earth Magic    | 2 3 |  3.1
Invocations    | 1 2 |  2.6
Spellcasting   | 3 |  3.6
Long Blades    | 1 |  1.6

Action                   |  1- 3 |  4- 6 |  7- 9 || total
-------------------------+-------+-------+-------++-------
Melee: Unarmed           |    12 |       |       ||    12
       Short sword       |    28 |       |       ||    28
       Tailslap          |     9 |     8 |    16 ||    33
       Dagger            |    76 |     5 |       ||    81
       Halberd           |       |   177 |   133 ||   310
Throw: Dart              |       |     3 |     5 ||     8
 Cast: Sandblast         |    25 |    58 |    20 ||   103
Invok: Ancestor Identity |       |       |     1 ||     1
Evoke: Wand              |       |       |     1 ||     1
  Use: Scroll            |       |     8 |     7 ||    15
       Potion            |       |     1 |     1 ||     2
 Stab: Sleeping          |     3 |     5 |     2 ||    10
       Distracted        |       |     1 |     3 ||     4
Armor: Skin              |    43 |    98 |    83 ||   224
Dodge: Dodged            |    69 |   218 |   112 ||   399

Table legend: (Time is in decaauts)
 A = Elapsed time spent in this place.
 B = Non-inter-level travel time spent in this place.
 C = Inter-level travel time spent in this place.
 D = Time resting spent in this place.
 E = Time spent auto-exploring this place.
 F = Levels seen in this place.
 G = Mean time per level.
                   A        B        C        D        E       F      G
               +--------+--------+--------+--------+--------+-----+--------+
         Total |   8768 |   8768 |      0 |   2858 |   1641 |  10 |  876.8 |
       Dungeon |   7226 |   7226 |      0 |   2082 |   1546 |   8 |  903.2 |
        Temple |    166 |    166 |      0 |      0 |     95 |   1 |  166.0 |
         Sewer |   1375 |   1375 |      0 |    776 |      0 |   1 | 1375.0 |
               +--------+--------+--------+--------+--------+-----+--------+

Top non-repeatable levels by time:
     D:1: 1756 daAuts
     D:5: 1591 daAuts
   Sewer: 1375 daAuts
     D:4: 1138 daAuts
     D:2: 812 daAuts
     D:6: 685 daAuts
     D:8: 503 daAuts
     D:7: 376 daAuts
     D:3: 362 daAuts
  Temple: 166 daAuts
